Map: Ephemeron LE

Players

pHARM - Winner!

  • Race: Zerg Zerg
  • League: Platinum
  • Spawn Location: 5:00

Heisenberg

  • Race: Zerg Zerg
  • League: Platinum
  • Spawn Location: 11:00

VOD

Have the link to the VOD?

Description

Time

  • Played on: Sept. 14, 2019, 12:11 a.m.
  • Length: 12:37
Show
View Real Time Build Order
Export as new Build Order

pHARM Zerg - Winner!

Build Orders: Hatch First 

Get SALT Encoding   

  12  0:01  Drone  
  13  0:14  Overlord  
  13  0:18  Drone  
  14  0:32  Drone x2  
  16  0:51  Hatchery  
  16  0:54  Drone  
  16  0:57  Drone  
  16  1:00  Drone  
  18  1:16  Spawning Pool  
  17  1:18  Drone  
  17  1:21  Drone  
  19  1:31  Drone  
  20  1:45  Extractor  
  19  1:47  Drone  
  20  2:03  Overlord  
  20  2:04  Queen x2  
  24  2:13  Drone  
  24  2:14  Drone x2  
  27  2:16  Drone  
  28  2:24  Spine Crawler  
  27  2:34  Drone x3  
  30  2:52  Drone x3  
  30  2:53  Baneling Nest  
  32  3:01  Evolution Chamber  
  32  3:03  Roach Warren  
  30  3:09  Zergling x8  
  34  3:18  Evolution Chamber  
  33  3:21  Evolution Chamber  
  33  3:24  Evolution Chamber  
  29  3:31  Queen x2  
  29  3:32  Zergling x4  
  29  3:33  Zergling x2  
  36  3:37  Baneling  
  36  3:38  Baneling x2  
  37  4:01  Overlord x2  
  37  4:06  Zerg Missile Weapons Level 1  
  37  4:36  Drone  
  37  4:37  Drone x8  
  46  4:43  Lair, Roach Warren  
  45  4:55  Drone x4  
  45  4:58  Extractor  
  45  4:59  Extractor  
  47  5:08  Zerg Ground Armor Level 1  
  47  5:24  Hatchery  
  46  5:31  Drone x2  
  46  5:32  Drone x4  
  52  5:35  Overlord  
  52  5:36  Overlord x2  
  52  5:55  Drone x2  
  52  5:57  Drone  
  55  6:18  Zerg Missile Weapons Level 2  
  55  6:23  Overlord x3  
  55  6:24  Hatchery  
  54  6:39  Roach x9  
  72  6:44  Roach x3  
  78  6:51  Baneling  
  78  7:02  Roach x6  
  78  7:04  Glial Reconstitution  
  90  7:20  Zerg Ground Armor Level 2  
  90  7:49  Extractor  
  89  7:55  Hydralisk Den  
  86  7:58  Infestation Pit  
  70  8:33  Drone x2  
  70  8:34  Drone x16  
  72  8:51  Hive  
  64  8:59  Hatchery, Roach x6  
  75  9:09  Roach x3  
  81  9:20  Roach x3  
  87  9:24  Roach  
  89  9:37  Overlord x5  
  89  9:41  Roach x4  
  89  9:45  Roach x2  
  87  9:46  Roach x2  
  87  9:51  Roach  
  81  10:01  Roach x3  
  83  10:08  Roach  
  83  10:09  Roach  
  83  10:10  Overseer x2  
  83  10:11  Hatchery  
  86  10:23  Roach  
  86  10:24  Roach x3  
  92  10:31  Roach x2  
  90  11:10  Hatchery  
  89  11:14  Roach x11  
  111  11:23  Roach x5  
  118  11:36  Roach x6  
  122  11:48  Roach  
  122  11:49  Roach x4  
  122  11:50  Roach  
  134  12:03  Roach  
  134  12:04  Overlord  
  134  12:05  Overlord x5  
  136  12:16  Overlord x2  
Show
View Real Time Build Order
Export as new Build Order

Heisenberg Zerg 

Build Orders: 1 Base Baneling Bust, Pool First 

Get SALT Encoding   

  12  0:01  Drone  
  13  0:12  Overlord  
  13  0:17  Drone  
  14  0:23  Drone, Extractor  
  14  0:41  Spawning Pool  
  13  0:44  Drone  
  13  0:49  Drone  
  15  0:54  Drone  
  16  1:01  Drone  
  17  1:28  Metabolic Boost  
  17  1:29  Queen  
  17  1:30  Zergling x4  
  17  1:32  Zergling x2  
  22  1:42  Overlord  
  22  2:02  Zergling x2  
  22  2:07  Baneling Nest  
  22  2:09  Zergling x2  
  23  2:21  Zergling x2  
  24  2:25  Hatchery  
  24  2:29  Zergling x2  
  24  2:35  Zergling x2  
  25  2:42  Zergling x6  
  28  2:54  Zergling x2  
  29  3:03  Overlord  
  29  3:08  Baneling  
  29  3:09  Baneling x2  
  25  3:34  Queen  
  27  3:41  Drone  
  28  3:50  Hatchery  
  28  3:53  Queen  
  29  4:05  Drone  
  29  4:08  Drone  
  31  4:10  Pneumatized Carapace  
  31  4:23  Drone x3  
  34  4:34  Zergling x4  
  34  4:35  Drone  
  37  4:48  Overlord  
  37  4:49  Drone x2  
  39  5:03  Roach Warren  
  39  5:04  Evolution Chamber, Drone  
  38  5:12  Drone x2  
  41  5:14  Drone  
  41  5:16  Baneling x2  
  41  5:27  Queen, Baneling x2  
  43  5:31  Drone  
  44  5:37  Drone  
  45  5:43  Zerg Missile Weapons Level 1  
  45  5:47  Drone, Spine Crawler  
  45  5:49  Drone  
  46  6:02  Drone x3  
  46  6:03  Overlord, Extractor  
  48  6:17  Drone  
  48  6:18  Overlord, Drone  
  50  6:19  Overlord x2  
  50  6:21  Drone  
  51  6:36  Drone x6, Extractor  
  51  6:37  Evolution Chamber  
  55  6:42  Burrow  
  55  6:48  Lair  
  55  6:49  Drone  
  55  6:50  Drone  
  57  7:03  Zerg Ground Armor Level 1  
  57  7:17  Overlord x2  
  57  7:20  Spore Crawler  
  56  7:23  Spore Crawler  
  54  7:40  Roach x10  
  67  8:13  Roach x4  
  67  8:14  Roach x3  
  67  8:16  Roach x9  
  81  8:21  Roach x3  
  81  8:22  Roach x2  
  81  8:40  Roach x5  
  72  8:49  Drone x2  
  72  8:50  Drone x4  
  72  8:54  Roach x2  
  72  8:55  Glial Reconstitution  
  76  9:02  Queen  
  78  9:20  Drone x2  
  78  9:21  Drone x4  
  78  9:22  Overlord  
  82  9:40  Roach x9  
  80  9:56  Drone x6  
  80  9:57  Overlord, Drone x3  
  87  10:01  Roach x16  
  87  10:04  Roach x16, Queen x3  
  93  10:07  Extractor x2  
  93  10:10  Spine Crawler  
  93  10:11  Extractor  
  89  10:14  Roach x3  
  85  10:36  Tunneling Claws  
  85  10:37  Drone x4  
  85  10:54  Roach x12  
  85  11:08  Infestation Pit  
  84  11:18  Hatchery  
  83  11:34  Overlord x3, Drone x4  
  81  11:50  Roach x8  
  81  11:51  Roach x7  
  93  12:04  Roach x5  
Tags
 
Add a new tag
Caveats
  • Supply blocks, unpowered buildings, or Contaminate may cause inaccurate times.
  • Supply counts are checked every 10 seconds.